 Dungeon Crawl Stone Soup version 0.30-a0-219-gf2db51d15e (webtiles) character file.

Game seed: 15024567499997104024

107 Decritt the Sneak (level 4, -16/22 HPs)
             Began as a Spriggan Enchanter on Oct 7, 2022.
             Demolished by Crazy Yiuf
             ... wielding a +2 quarterstaff of chaos
              (25 damage)
             ... on level 3 of the Dungeon.
             The game lasted 00:06:59 (2862 turns).

Decritt the Sneak (Spriggan Enchanter)              Turns: 2862, Time: 00:06:59

Health: -16/22     AC:  3    Str:  4    XL:     4   Next: 57%
Magic:  9/10       EV: 18    Int: 16    God:
Gold:   152        SH:  0    Dex: 17    Spells: 2/10 levels left

rFire   . . .      SeeInvis +    a - +1 dagger
rCold   . . .      Faith    .    (no shield)
rNeg    . . .      Spirit   .    h - +1 animal skin
rPois   .          Reflect  .    (helmet restricted)
rElec   .          Harm     .    (no cloak)
rCorr   .          Rampage  .    (gloves unavailable)
Will    .....                    (boots unavailable)
Stlth   +++.......               l - amulet of magic regeneration
HPRegen 0.23/turn                (no ring)
MPRegen 0.52/turn                (no ring)

@: confusing by touch, very quick
A: very small, no large weapons, unfitting armour, see invisible, speed 3
a: no special abilities


You were on level 3 of the Dungeon.
You visited 1 branch of the dungeon, and saw 3 of its levels.

You collected 152 gold pieces.

Inventory:

Hand Weapons
 a - a +1 dagger (weapon)
Armour
 b - a +0 robe
 h - a +1 animal skin (worn)
Jewellery
 l - an amulet of magic regeneration (around neck)
Scrolls
 e - 2 scrolls of teleportation
Potions
 c - 2 potions of invisibility
 f - 3 potions of flight
 i - a potion of curing {unknown}
 j - 3 potions of might
 m - a potion of cancellation {unknown}


   Skills:
 + Level 1.2 Fighting
 + Level 2.1 Short Blades
 + Level 3.5 Dodging
 + Level 5.2 Stealth
 + Level 3.5 Spellcasting
 + Level 4.2 Hexes


You had 2 spell levels left.
You knew the following spells:

 Your Spells              Type           Power      Damage    Failure   Level
a - Confusing Touch       Hex            16%        N/A       10%         3
b - Dazzling Flash        Conj/Hex       18%        N/A       22%         3
c - Ensorcelled Hibernat  Hex/Ice        18%        N/A       11%         2

Your spell library contained the following spells:

 Spells                   Type           Power      Damage    Failure   Level
 Tukima's Dance           Hex            16%        N/A       10%         3
 Frozen Ramparts          Ice            4%         1d1       47%         3
 Gell's Gravitas          Tloc           2%         N/A       47%         3
 Teleport Other           Tloc           2%         N/A       47%         3
 Ice Form                 Ice/Tmut       2%         N/A       87%         4
 Summon Ice Beast         Ice/Summ       2%         N/A       87%         4
 Dispersal                Tloc           1%         N/A       100%        6


Dungeon Overview and Level Annotations

Branches:
Dungeon (3/15)

Altars:

Annotations:
D:3 Crazy Yiuf


Innate Abilities, Weirdness & Mutations

You are very small and have problems with some larger weapons.
You are too small for most types of armour.
You have supernaturally acute eyesight. (SInv)
You cover ground extremely quickly. (Speed+++)


Message History

Press: ? - help, Shift-Dir - straight line, f/p - worm
Aim: a worm (chance to affect: 51%)
You miscast Ensorcelled Hibernation.
Nothing appears to happen.
Unknown command.
Casting: Ensorcelled Hibernation (safe; 12% risk of failure)
Confirm with . or Enter, or press ? or * to list all spells.
Aiming: Ensorcelled Hibernation (safe; 12% risk of failure)
Press: ? - help, Shift-Dir - straight line, f/p - worm
Aim: a worm (chance to affect: 51%)
The worm looks drowsy...
The helpless worm fails to defend itself.
You impale the worm!!
You kill the worm!
Magic restored.
Your magical contamination has completely faded away.
Found a hammer.
Found a runed translucent door.
Crazy Yiuf shouts!
Crazy Yiuf grits, "Hack!
Rifle mumblescurry turtle."
Casting: Ensorcelled Hibernation (safe; 11% risk of failure)
Confirm with . or Enter, or press ? or * to list all spells.
The spell is quite dangerous to miscast (10% risk of failure)!
Continue anyway? [Y]es or [N]o only, please.
The spell is quite dangerous to miscast (10% risk of failure)!
Continue anyway?
Your hands begin to glow red.
Crazy Yiuf says, "Island!"
You open the door. You hit Crazy Yiuf but do no damage.
Crazy Yiuf hits you with a +2 quarterstaff of chaos.
Crazy Yiuf freezes you.
You hit Crazy Yiuf but do no damage. You completely miss Crazy Yiuf.
Crazy Yiuf closely misses you.
You barely miss Crazy Yiuf.
Crazy Yiuf screams, "Whiteboard!
Mountain green bag."
Crazy Yiuf hits you with a +2 quarterstaff of chaos!
Ouch! That really hurt!
* * * LOW HITPOINT WARNING * * *
Space warps horribly around you!!
Ouch! That really hurt!
You die...

#####
#)..#
#...#
...
#g#
♣@♣♣
♣♣.♣
♣.♣♣
♣♣.♣
♣♣.♣♣
♣♣...♣
♣....♣
#....#
##..##


You could see Crazy Yiuf.

Vanquished Creatures
  Robin (D:2)
  An adder (D:2)
  2 worms
  A dart slug (D:1)
  7 ball pythons
  5 bats
  3 endoplasms (D:1)
  2 giant cockroaches
  11 goblins
  10 hobgoblins
  8 jackals
  6 kobolds
  2 quokkas (D:1)
  4 frilled lizards
  11 rats
74 creatures vanquished.

Vanquished Creatures (others)
  4 plants (D:2)
4 creatures vanquished.

Grand Total: 78 creatures vanquished

Notes
Turn   | Place    | Note
-------+----------+-------------------------------------------
     0 | D:1      | Decritt the Spriggan Enchanter began the quest for the Orb.
     0 | D:1      | Reached XP level 1. HP: 9/9 MP: 5/5
   186 | D:1      | Reached XP level 2. HP: 13/13 MP: 6/6
   559 | D:1      | Reached XP level 3. HP: 9/17 MP: 8/8
   795 | D:1      | Found a faded altar of an unknown god.
  1103 | D:2      | Learned a level 3 spell: Confusing Touch
  1107 | D:2      | Learned a level 3 spell: Dazzling Flash
  1110 | D:2      | Learned a level 2 spell: Ensorcelled Hibernation
  1300 | D:2      | Reached skill level 5 in Stealth
  1420 | D:2      | Noticed Robin
  1745 | D:2      | Reached skill level 1 in Fighting
  1833 | D:2      | Reached XP level 4. HP: 20/22 MP: 2/10
  2454 | D:2      | Killed Robin
  2853 | D:3      | Found a runed translucent door.
  2854 | D:3      | Noticed Crazy Yiuf
  2862 | D:3      | Demolished by Crazy Yiuf

Illustrated notes

Levels and vault maps discovered:
D:1:      saegor_arrival_simple_b, layout_loops_cross, basic_ecumenical_altar,
          st_stairs_6
D:2:      cheibrodos_old_hovel, layout_loops_corners, uniq_robin
D:3:      layout_rooms, uniq_natasha, uniq_ijyb, uniq_crazy_yiuf_cottage

Skill      XL: |  1  2  3  4 |
---------------+-------------+-----
Spellcasting   | 3 |  3.5
Dodging        | 3 |  3.5
Hexes          | 4 |  4.2
Stealth        | 5 |  5.2
Fighting       | 1 |  1.2
Short Blades   | 2 |  2.1

Action                   |  1- 3 |  4- 6 || total
-------------------------+-------+-------++-------
Melee: Dagger            |   219 |    73 ||   292
       Punch             |     7 |       ||     7
 Cast: Ensorcelled Hiber |     8 |     9 ||    17
       Confusing Touch   |       |     1 ||     1
  Use: Scroll            |     4 |     5 ||     9
 Stab: Sleeping          |    11 |     7 ||    18
       Distracted        |       |     1 ||     1
Armor: Robe              |    16 |     8 ||    24
Dodge: Dodged            |   149 |    50 ||   199

Table legend: (Time is in decaauts)
 A = Elapsed time spent in this place.
 B = Non-inter-level travel time spent in this place.
 C = Inter-level travel time spent in this place.
 D = Time resting spent in this place.
 E = Time spent auto-exploring this place.
 F = Levels seen in this place.
 G = Mean time per level.
                   A        B        C        D        E       F      G
               +--------+--------+--------+--------+--------+-----+--------+
         Total |   2200 |   2156 |     44 |    643 |    880 |   3 |  733.3 |
       Dungeon |   2200 |   2156 |     44 |    643 |    880 |   3 |  733.3 |
               +--------+--------+--------+--------+--------+-----+--------+

Top non-repeatable levels by time:
     D:2: 1095 daAuts
     D:1: 994 daAuts
     D:3: 110 daAuts
